 Dungeon Crawl Stone Soup version 0.30-a0-359-gd0147acb1a (webtiles) character file.

Game seed: 17108501052989031974

35385 Maxmaps the Prestidigitator (level 13, -2/103 HPs)
             Began as a Demonspawn Conjurer on Nov 11, 2022.
             Was an Initiate of Gozag.
             Killed from afar by a lindwurm (9 damage)
             ... with a blast of flame
             ... on level 4 of the Lair of Beasts.
             The game lasted 00:37:07 (20132 turns).

Maxmaps the Prestidigitator (Demonspawn Conjurer)  Turns: 20132, Time: 00:37:07

Health: -2/103     AC: 21    Str:  9    XL:     13   Next: 47%
Magic:  0/19       EV: 13    Int: 23    God:    Gozag
Gold:   703        SH:  0    Dex: 12    Spells: 14/20 levels left

rFire   . . .      SeeInvis .    u - +1 dagger (elec)
rCold   + . .      Faith    .    (no shield)
rNeg    . . .      Spirit   +    g - +4 ring mail "Fagoc" {rC+}
rPois   .          Reflect  .    (helmet restricted)
rElec   .          Harm     .    a - +0 cloak
rCorr   .          Rampage  .    (no gloves)
Will    .....                    G - +1 pair of boots {Fly}
Stlth   +.........               z - amulet of regeneration
HPRegen 1.17/turn                q - +4 ring of slaying
MPRegen 0.32/turn                r - +4 ring of protection

@: gold aura, flying
A: horns 2, yellow scales 2, demonic guardian 2, magic shield, magic
regeneration
a: Renounce Religion, Potion Petition, Call Merchant, Bribe Branch


You were on level 4 of the Lair of Beasts.
You worshipped Gozag.
Gozag was pleased with you.
You visited 3 branches of the dungeon, and saw 17 of its levels.
You also visited: Bailey.

You collected 3814 gold pieces.
You spent 34 gold pieces at shops.
You paid 3077 gold pieces to Gozag.

Inventory:

Hand Weapons
 u - a +1 dagger of electrocution (weapon)
Armour
 a - a +0 cloak (worn)
 g - the +4 ring mail "Fagoc" (worn) {rC+}
   (You found it on level 2 of the Dungeon)

   rC:        It protects you from cold.
 G - a +1 pair of boots of flying (worn)
Jewellery
 e - a ring of positive energy
 k - a ring of poison resistance
 q - a +4 ring of slaying (left hand)
 r - a +4 ring of protection (right hand)
 s - a ring of wizardry
 y - a ring of protection from cold
 z - an amulet of regeneration (around neck)
Wands
 f - a wand of paralysis (11)
 A - a wand of iceblast (2)
 K - a wand of flame (6)
 M - a wand of mindburst (5)
Scrolls
 c - a scroll of immolation
 j - a scroll of enchant weapon
 t - 2 scrolls of identify
 x - 2 scrolls of noise
 C - a scroll of vulnerability {unknown}
 D - 4 scrolls of fog
 J - 3 scrolls of teleportation
 L - a scroll of enchant armour
Potions
 b - 2 potions of magic
 d - 6 potions of lignification
 h - 3 potions of degeneration
 i - 2 potions of might
 l - 3 potions of heal wounds
 m - 2 potions of mutation
 n - 4 potions of flight
 o - a potion of berserk rage
 p - 2 potions of ambrosia
 v - 5 potions of curing
 w - 2 potions of invisibility
 B - 2 potions of brilliance
 F - 3 potions of attraction
 H - a potion of resistance
 I - a potion of haste
Miscellaneous
 E - a lightning rod (4/4)


   Skills:
 - Level 10.1 Fighting
 - Level 10.1 Short Blades
 - Level 9.2 Armour
 + Level 8.8 Dodging
 - Level 1.7 Stealth
 - Level 4.1 Spellcasting
 - Level 5.8 Conjurations
 - Level 10.7 Evocations


You had 14 spell levels left.
You knew the following spells:

 Your Spells              Type           Power      Damage    Failure   Level
a - Magic Dart            Conj           100%       1d8       2%          1
b - Searing Ray           Conj           62%        2d6       3%          2
c - Dazzling Flash        Conj/Hex       36%        N/A       22%         3

Your spell library contained the following spells:

 Spells                   Type           Power      Damage    Failure   Level
 Sting                    Tmut/Pois      16%        1d3       24%         1
 Poisonous Vapours        Pois/Air       8%         N/A       34%         2
 Sublimation of Blood     Necr           4%         N/A       34%         2
 Wereblood                Tmut           4%         N/A       34%         2
 Portal Projectile        Hex/Tloc       8%         N/A       56%         3
 Tukima's Dance           Hex            4%         N/A       56%         3
 Fulminant Prism          Conj/Hex       9%         3d7       56%         4
 Iskenderun's Mystic Bla  Conj/Tloc      18%        2d6       56%         4
 Olgreb's Toxic Radiance  Pois           4%         N/A       93%         4
 Blade Hands              Tmut           2%         N/A       100%        5
 Summon Hydra             Summ           2%         N/A       100%        7


Dungeon Overview and Level Annotations

Branches:
Dungeon (12/15)            Temple (1/1) D:4            Lair (4/5) D:9
  Swamp (0/4) Lair:2       Spider (0/4) Lair:3          Orc (0/2) D:10
 Bailey (visited)
  Slime: Lair:4-5

Altars:
Ashenzari
Cheibriados
Dithmenos
Fedhas
Gozag
Hepliaklqana
Kikubaaqudgha
Makhleb
Nemelex Xobeh
Okawaru
Qazlal
Ru
Sif Muna
Trog
Uskayaw
Vehumet
Wu Jian
Xom
Yredelemnul

Shops:
D:4 =   Lair:1 *[(

Annotations:
Lair:3 exclusion: 3 oklob plants


Innate Abilities, Weirdness & Mutations

You have a pair of horns on your head.
You are mostly covered in yellow scales. (AC +3)
A demonic guardian rushes to your aid.
When hurt, damage is shared between your health and your magic reserves.
You regenerate magic rapidly.


Message History

The blast of flame hits you!
* * * LOW HITPOINT WARNING * * *
The cane toad closely misses you.
Your hellwing hits the lindwurm. x2
You feel better.
The lindwurm barely misses your hellwing.
The lindwurm claws your hellwing but does no damage.
The lindwurm barely misses your hellwing.
The lindwurm bites you!
* * * LOW HITPOINT WARNING * * *
The lindwurm claws you but does no damage.
The lindwurm misses you. The cane toad barely misses you.
Your hellwing hits the lindwurm. Your hellwing hits the lindwurm!
You hit the lindwurm but do no damage.
The lindwurm is lightly wounded.
Unknown command.
You hit the cane toad but do no damage.
Lightning courses through the cane toad!!
The cane toad is almost dead.
The cane toad closely misses you. The lindwurm barely misses you.
The lindwurm claws you.
* * * LOW HITPOINT WARNING * * *
The lindwurm claws you but does no damage.
The lindwurm bites your hellwing but does no damage.
The lindwurm claws your hellwing but does no damage.
The lindwurm claws your hellwing.
Your hellwing hits the lindwurm! Your hellwing hits the lindwurm.
You hit the cane toad.
You kill the cane toad!
Unknown command.
You hit the lindwurm.
Lightning courses through the lindwurm!!
The lindwurm is severely wounded.
The lindwurm breathes flames at you. The blast of flame hits you!!
* * * LOW HITPOINT WARNING * * *
A demonic guardian appears!
The lindwurm breathes flames at you. The blast of flame hits you!
You die...
Your body crumbles into a pile of gold.

..######.##
#P.#.# .## ###
##..## .# #...#
## ##..## ..
#...# .... #..##
.##.##≈#
#######..## ## #
#§§.##≈≈≈##....#
#≈......k$@...##
##..§§...4k3#.#
#§≈≈.§§§#≈######
#§##.###### . #.
#


You could see 2 lindwurms, a friendly hellwing (summoned) and a friendly smoke
demon (summoned).

Vanquished Creatures
  Snorg (D:11)
  Erolcha (D:11)
  3 hydras
  A two-headed ogre (D:8)
  A tengu warrior (D:10)
  Amaemon (Lair:2)
  Pikel (D:6)
  4 black mambas
  A gargoyle (D:10)
  An orange demon (Lair:2)
  Maggie (D:8)
  2 komodo dragons (Lair:3)
  10 cane toads
  2 torpor snails
  2 rime drakes (Lair:4)
  8 trolls
  A polar bear (Lair:1)
  3 blink frogs (Lair:1)
  13 dream sheep
  2 vampires
  3 wraiths
  39 yaks
  3 vampire mosquitoes (D:10)
  2 wyverns
  2 steam dragons (D:9)
  2 basilisks
  Grum (Lair:1)
  3 redbacks (Lair:3)
  2 swamp worms (Lair:2)
  2 wargs (D:10)
  8 water moccasins
  9 orc warriors
  A sky beast (D:7)
  An ice beast (D:8)
  2 black bears
  9 wolves
  7 centaurs
  An ogre (D:5)
  4 lemures (D:6)
  2 phantoms
  A kobold brigand (D:10)
  2 gnoll sergeants
  11 bullfrogs
  A scorpion (D:5)
  A necrophage (D:5)
  14 wights
  15 killer bees
  An electric eel (Lair:3)
  4 howler monkeys
  2 hounds
  4 jellies
  2 gnoll boudas
  6 orc priests
  Crazy Yiuf (D:3)
  Jessica (D:3)
  3 iguanas
  3 orc wizards
  10 adders
  19 gnolls
  4 worms
  3 dart slugs
  27 orcs
  2 ball pythons (D:4)
  6 endoplasms
  2 giant cockroaches
  11 goblins
  11 hobgoblins
  3 quokkas
  7 bats
  4 frilled lizards
  22 kobolds
  5 rats
370 creatures vanquished.

Vanquished Creatures (collateral kills)
  A hydra (Lair:4)
  A death yak (D:9)
  A deep troll (Lair:1)
  An orc knight (Bailey)
  A black mamba (Lair:3)
  A komodo dragon (Lair:4)
  A yak (Lair:1)
  A basilisk (D:9)
  2 acid dragons
  An orc (Bailey)
  A goblin (Bailey)
  A hobgoblin (Bailey)
13 creatures vanquished.

Vanquished Creatures (others)
  An orc (D:9)
  6 fungi
  9 plants
16 creatures vanquished.

Grand Total: 399 creatures vanquished

Notes
Turn   | Place    | Note
-------+----------+-------------------------------------------
     0 | D:1      | Maxmaps the Demonspawn Conjurer began the quest for the
                  | Orb.
     0 | D:1      | Reached XP level 1. HP: 13/13 MP: 3/3
   441 | D:1      | Gained mutation: You are partially covered in yellow
                  | scales. (AC +2) [demonic ancestry]
   441 | D:1      | Reached XP level 2. HP: 19/19 MP: 2/5
   571 | D:1      | Found a faded altar of an unknown god.
  1227 | D:2      | Identified the +4 ring mail "Fagoc" {rC+}
  1249 | D:2      | Learned a level 2 spell: Searing Ray
  1565 | D:2      | Gained mutation: You are mostly covered in yellow scales.
                  | (AC +3) [demonic ancestry]
  1565 | D:2      | Reached XP level 3. HP: 11/24 MP: 0/7
  2270 | D:3      | Found a stormy altar of Qazlal.
  2586 | D:3      | Gained mutation: A weak demonic guardian rushes to your
                  | aid. [demonic ancestry]
  2586 | D:3      | Reached XP level 4. HP: 30/30 MP: 6/10
  2823 | D:3      | Found an iron altar of Okawaru.
  2859 | D:3      | Noticed Jessica
  2864 | D:3      | Killed Jessica
  2865 | D:3      | Reached skill level 1 in Fighting
  2925 | D:3      | Found a runed translucent door.
  2926 | D:3      | Noticed Crazy Yiuf
  3255 | D:3      | Killed Crazy Yiuf
  3403 | D:4      | Found Fulegujot's Jewellery Boutique.
  3415 | D:4      | Reached XP level 5. HP: 39/39 MP: 6/11
  3510 | D:4      | Noticed a water moccasin
  3519 | D:4      | Killed a water moccasin
  3786 | D:4      | Found a staircase to the Ecumenical Temple.
  3794 | Temple   | Entered the Ecumenical Temple
  4004 | Temple   | Became a worshipper of Gozag Ym Sagoz the Greedy
  4051 | D:4      | Reached XP level 6. HP: 48/48 MP: 12/12
  4197 | D:4      | Reached skill level 5 in Fighting
  4403 | D:5      | Entered Level 5 of the Dungeon
  4921 | D:5      | Gained mutation: A demonic guardian rushes to your aid.
                  | [demonic ancestry]
  4921 | D:5      | Reached XP level 7. HP: 46/58 MP: 8/13
  5589 | D:5      | Found an ancient bone altar of Kikubaaqudgha.
  5910 | D:6      | Reached skill level 1 in Short Blades
  5910 | D:6      | Reached XP level 8. HP: 68/68 MP: 14/14
  6724 | D:6      | Learned a level 3 spell: Dazzling Flash
  6955 | D:7      | Noticed Pikel
  7233 | D:6      | Reached skill level 5 in Short Blades
  8181 | D:6      | Killed Pikel
  8182 | D:6      | Gained mutation: You regenerate magic rapidly. [demonic
                  | ancestry]
  8182 | D:6      | Reached XP level 9. HP: 72/74 MP: 15/15
  8414 | D:7      | Found a snail-covered altar of Cheibriados.
  8880 | D:7      | Found a hazy altar of Hepliaklqana.
  8890 | D:7      | Found a basalt altar of Yredelemnul.
  9016 | D:8      | Noticed a two-headed ogre
  9040 | D:8      | Killed a two-headed ogre
  9385 | D:8      | Reached skill level 10 in Short Blades
  9649 | D:8      | Reached skill level 1 in Armour
  9649 | D:8      | Gained mutation: You have a pair of small horns on your
                  | head. [demonic ancestry]
  9649 | D:8      | Reached XP level 10. HP: 62/80 MP: 16/16
 10160 | D:8      | Noticed Maggie
 10180 | D:8      | Killed Maggie
 10887 | D:9      | Reached skill level 5 in Armour
 11157 | D:9      | Found a staircase to the Lair.
 11157 | D:9      | Noticed a death yak
 11478 | D:9      | Killed a death yak
 12126 | D:9      | Gained mutation: You have a pair of horns on your head.
                  | [demonic ancestry]
 12126 | D:9      | Reached XP level 11. HP: 77/86 MP: 17/17
 12443 | D:10     | Entered Level 10 of the Dungeon
 12604 | D:10     | Found a flagged portal.
 12622 | Bailey   | Entered a bailey
 12695 | Bailey   | Noticed an orc knight
 12728 | Bailey   | Killed an orc knight
 13442 | D:10     | Noticed a tengu warrior
 13551 | D:10     | Reached skill level 5 in Dodging
 13603 | D:10     | Killed a tengu warrior
 13751 | D:10     | Found a staircase to the Orcish Mines.
 13784 | D:10     | Found a shimmering blue altar of Sif Muna.
 14410 | D:11     | Noticed Erolcha
 14424 | D:11     | Noticed Snorg
 14591 | D:11     | Reached skill level 5 in Conjurations
 14594 | D:11     | Killed Erolcha
 14688 | D:11     | Killed Snorg
 15243 | D:12     | Noticed a deep elf pyromancer
 15342 | Lair:1   | Entered Level 1 of the Lair of Beasts
 15358 | Lair:1   | Gained mutation: When hurt, damage is shared between your
                  | health and your magic reserves. [demonic ancestry]
 15358 | Lair:1   | Reached XP level 12. HP: 65/92 MP: 18/18
 15601 | Lair:1   | Noticed Grum
 15607 | Lair:1   | Reached skill level 5 in Evocations
 15627 | Lair:1   | Killed Grum
 16564 | Lair:2   | Noticed Amaemon
 16580 | Lair:2   | Killed Amaemon
 16968 | Lair:2   | Noticed an eight-headed hydra
 16968 | Lair:2   | Noticed a six-headed hydra
 17060 | Lair:2   | Killed a six-headed hydra
 17387 | Lair:2   | Killed an eight-headed hydra
 17420 | Lair:2   | Found a staircase to the Swamp.
 17749 | Lair:2   | Reached skill level 10 in Evocations
 17955 | Lair:3   | Found a hole to the Spider Nest.
 18235 | Lair:1   | Bought a scroll of identify for 34 gold pieces
 18302 | Lair:2   | Reached XP level 13. HP: 91/99 MP: 16/19
 19288 | Lair:4   | Reached skill level 10 in Fighting
 20132 | Lair:4   | Killed from afar by a lindwurm

Illustrated notes

Levels and vault maps discovered:
D:1:      amcnicky_arrival_choice, layout_loops_corners,
          dreamdust_ecumenical_altar_angels_and_demons, serial_bayou_pond_e
D:2:      layout_rooms
D:3:      layout_loops_ring, old_standard_altar, mainiacjoe_overflow_catwalk,
          uniq_jessica, uniq_crazy_yiuf_cottage
D:4:      black_bear_nest_1, layout_rooms, minmay_temple_entry_hall,
          serial_shops, shop
D:5:      layout_basic, marbit_many_paths
D:6:      layout_basic, cheibrodos_sewer_entry_bend
D:7:      layout_cave_pools, amethyst_overflow_temple_binary,
          pf_just_have_faith, serial_bayou_crossing, uniq_pikel
D:8:      layout_basic, uniq_maggie
D:9:      lemuel_troll_bridge, layout_basic, david_lair_generic
D:10:     layout_basic, chequers_temple_overflow_statue_of_worship, erik_orc_4,
          enter_bailey_3
D:11:     layout_long_grid, nrook_uturn, uniq_snorg, uniq_erolcha
D:12:     minmay_weird_star, layout_basic, ebering_ghost_xom
Temple:   eino_temple_water
Lair:1:   dreamdust_cave_troll, layout_misc_corridors, lemuel_fruit_fields,
          uniq_grum
Lair:2:   layout_cave_pods, palyth_hydra_swamp_entry,
          grunt_forest_small_clearing_treed, uniq_amaemon
Lair:3:   minmay_lair_oklob_chamber, layout_chaotic_city, spider_nest_entry_webs
Lair:4:   layout_layer_cave, nicolae_lair_lindhole

Skill      XL: |  1  2  3  4  5  6  7  8  9 10 11 12 13 |
---------------+----------------------------------------+-----
Spellcasting   | 3 4 |  4.1
Fighting       | 2 4 6 8 10 | 10.1
Short Blades   | 1 7 10 | 10.1
Armour         | 1 8 9 |  9.2
Dodging        | 7 8 |  8.8
Conjurations   | 5 |  5.8
Evocations     | 3 10 | 10.7
Stealth        | |  1.7

Action                   |  1- 3 |  4- 6 |  7- 9 | 10-12 | 13-15 || total
-------------------------+-------+-------+-------+-------+-------++-------
Melee: Unarmed           |    13 |       |       |       |       ||    13
       Dagger            |       |    53 |   317 |   913 |   253 ||  1536
       Punch             |       |       |     2 |    16 |     5 ||    23
       Headbutt          |       |       |       |   241 |    67 ||   308
 Cast: Magic Dart        |    84 |    31 |    47 |    20 |     6 ||   188
       Searing Ray       |     2 |     6 |    14 |    12 |       ||    34
Invok: Potion Petition   |       |       |       |     1 |       ||     1
       Call Merchant     |       |       |       |     3 |       ||     3
Evoke: Wand              |       |       |       |     7 |       ||     7
  Use: Scroll            |       |    14 |     4 |    15 |     1 ||    34
       Potion            |       |       |       |     4 |     2 ||     6
 Stab: Distracted        |       |       |     1 |     2 |       ||     3
       Sleeping          |       |       |     1 |       |       ||     1
       Paralysed         |       |       |       |     5 |       ||     5
Armor: Robe              |     3 |       |       |       |       ||     3
       Ring mail         |    25 |    41 |   194 |   500 |   103 ||   863
Dodge: Dodged            |    28 |    39 |   191 |   543 |    93 ||   894

Table legend: (Time is in decaauts)
 A = Elapsed time spent in this place.
 B = Non-inter-level travel time spent in this place.
 C = Inter-level travel time spent in this place.
 D = Time resting spent in this place.
 E = Time spent auto-exploring this place.
 F = Levels seen in this place.
 G = Mean time per level.
                   A        B        C        D        E       F      G
               +--------+--------+--------+--------+--------+-----+--------+
         Total |  19530 |  18853 |    677 |   4002 |  10372 |  18 | 1085.0 |
       Dungeon |  14218 |  13592 |    626 |   3218 |   7236 |  12 | 1184.8 |
        Temple |    221 |    210 |     11 |      0 |    193 |   1 |  221.0 |
          Lair |   4482 |   4442 |     40 |    754 |   2684 |   4 | 1120.5 |
        Bailey |    607 |    607 |      0 |     30 |    258 |   1 |  607.0 |
               +--------+--------+--------+--------+--------+-----+--------+

Top non-repeatable levels by time:
     D:6: 2680 daAuts
     D:9: 1872 daAuts
  Lair:2: 1605 daAuts
     D:8: 1549 daAuts
     D:3: 1310 daAuts
     D:1: 1309 daAuts
    D:10: 1220 daAuts
  Lair:3: 1109 daAuts
     D:5: 1058 daAuts
  Lair:1: 967 daAuts
     D:2: 876 daAuts
     D:4: 846 daAuts
    D:11: 827 daAuts
  Lair:4: 799 daAuts
  Bailey: 607 daAuts
